 Dungeon Crawl Stone Soup version 0.26-a0-540-g8a0c9464d7 (webtiles) character file.

Game seed: 15053651508711884972

749 Eifo4Ohj9gu9Dob0ohLe the Chopper (level 8, -4/62 HPs)
             Began as a Human Berserker on Aug 15, 2020.
             Was a Believer of Trog.
             Slain by a sky beast (6 damage)
             ... on level 5 of the Dungeon.
             The game lasted 00:19:10 (2128 turns).

Eifo4Ohj9gu9Dob0ohLe the Chopper (Human Berserker)  Turns: 2128, Time: 00:19:10

Health: -4/62      AC:  5    Str: 19    XL:     8   Next: 6%
Magic:  8/8        EV: 12    Int:  7    God:    Trog [**....]
Gold:   75         SH:  0    Dex: 14    Spells: 7/7 levels left

rFire    . . .     SeeInvis .   a - +0 hand axe
rCold    . . .     Faith    .   (no shield)
rNeg     . . .     Spirit   .   f - +0 ring mail
rPois    .         Reflect  .   (no helmet)
rElec    .         Harm     .   (no cloak)
rCorr    .                      (no gloves)
MR       .....                  (no boots)
Stlth    +.........             (no amulet)
HPRegen  0.20/turn              g - +4 ring of slaying
MPRegen  0.11/turn              (no ring)

@: berserk cooldown, slowed, very slow
A: no striking features
a: Berserk, Trog's Hand, Renounce Religion


You were on level 5 of the Dungeon.
You worshipped Trog.
Trog was pleased with you.
You visited 1 branch of the dungeon, and saw 4 of its levels.

You collected 75 gold pieces.

Inventory:

Hand Weapons
 a - a +0 hand axe (weapon)
 c - a +2 dagger of electrocution
 m - a +0 whip
 q - a +0 flail
 t - a +2 short sword of speed
Missiles
 k - 21 sling bullets
Armour
 b - a +0 animal skin
 f - a +0 ring mail (worn)
 r - a +0 robe
Jewellery
 g - a +4 ring of slaying (left hand)
 l - an uncursed amulet of faith {unknown}
Wands
 n - a wand of flame (21)
Scrolls
 d - a scroll of identify
 e - 2 scrolls of fear {unknown}
 h - a scroll of amnesia
 j - a scroll of random uselessness {unknown}
 o - a scroll of remove curse
 p - 3 scrolls of magic mapping
 w - a scroll of enchant weapon {unknown}
Potions
 i - a potion of curing
 s - a potion of flight {unknown}
 u - a potion of heal wounds
 v - a potion of haste {unknown}


   Skills:
 + Level 5.0 Fighting
 + Level 6.3 Axes
 + Level 4.1 Armour
 + Level 3.1 Dodging
 + Level 1.0 Stealth


You had 7 spell levels left.
You didn't know any spells.
Your spell library was empty.

Dungeon Overview and Level Annotations

Branches:
Dungeon (5/15)
 Temple: D:4-7

Altars:
Vehumet

Shops:
D:4 =(*

Annotations:
D:4 2 transporters, P0WERM0DE's ghost, weakling OpDe


Message History

Your Fighting skill increases to level 5!
Your Armour skill increases to level 4!
Your Dodging skill increases to level 3!
You have reached level 8!
You feel stronger.
The sky beast flickers out of sight!
Deactivating autopickup; reactivate with Ctrl-A.
You feel a strong urge to attack something.
You are no longer berserk.
You are exhausted.
You feel yourself slow down.
A sky beast appears from thin air!
Reactivating autopickup.
The sky beast flickers out of sight!
Deactivating autopickup; reactivate with Ctrl-A.
Something hits you but does no damage. Something hits you.
* * * LOW HITPOINT WARNING * * *
Something shocks you.
You die...

............#.......
............'{......
..........##.......
####......# .......
.##########....(.#
.......
.................#
.......
.................#
.......
.................#
{......
.........@.......#
#######
>.................$.
##.#.............###
#.#.............#
#......##########
...####.# ##. #...#
#.##.#.# #....#.#


There were no monsters in sight!

Vanquished Creatures
  A phantom (D:4)
  An ice beast (D:5)
  2 ogres (D:4)
  A bullfrog (D:4)
  Blork the orc (D:4)
  A quasit (D:5)
  2 orc priests
  A hound (D:5)
  2 orc wizards (D:5)
  A worker ant (D:4)
  An adder (D:2)
  A shadow imp (D:5)
  An ooze (D:1)
  A dart slug (D:1)
  3 leopard geckos
  5 orcs
  3 bats
  4 giant cockroaches
  5 goblins
  5 hobgoblins
  A jackal (D:2)
  A quokka (D:5)
  5 frilled lizards
  2 kobolds
  A leopard gecko skeleton (D:4)
  3 rats
55 creatures vanquished.

Vanquished Creatures (others)
  A centaur skeleton (D:5)
1 creature vanquished.

Grand Total: 56 creatures vanquished

Notes
Turn   | Place    | Note
-------+----------+-------------------------------------------
     0 | D:1      | Eifo4Ohj9gu9Dob0ohLe the Human Berserker began the quest
                  | for the Orb.
     0 | D:1      | Reached XP level 1. HP: 18/18 MP: 1/1
   117 | D:1      | Reached XP level 2. HP: 9/24 MP: 2/2
   801 | D:1      | Reached XP level 3. HP: 26/29 MP: 3/3
  1102 | D:2      | Reached ** piety under Trog
  1105 | D:2      | You fall into a shaft and drop 2 floors!
  1122 | D:4      | Reached XP level 4. HP: 24/35 MP: 4/4
  1251 | D:4      | Found a radiant altar of Vehumet.
  1265 | D:4      | Noticed a phantom
  1282 | D:4      | Killed a phantom
  1282 | D:4      | Reached skill level 4 in Axes
  1282 | D:4      | Reached XP level 5. HP: 36/42 MP: 5/5
  1319 | D:4      | Noticed an ogre
  1326 | D:4      | Killed an ogre
  1326 | D:4      | Reached skill level 5 in Axes
  1326 | D:4      | Reached XP level 6. HP: 48/48 MP: 6/6
  1327 | D:4      | Found Cuuleshe's Antique Weapon Shop.
  1352 | D:4      | Noticed Blork the orc
  1369 | D:4      | Killed Blork the orc
  1476 | D:4      | Found Ifon's Assorted Antiques.
  1497 | D:4      | Found Jesiki's Jewellery Shoppe.
  1519 | D:4      | Found a transporter.
  1519 | D:4      | Noticed P0WERM0DE's ghost (weakling OpDe)
  1519 | D:4      | Noticed an ogre
  1529 | D:4      | Killed an ogre
  1529 | D:4      | Reached XP level 7. HP: 52/54 MP: 7/7
  1552 | D:4      | Reached skill level 1 in Stealth
  1595 | D:4      | Found a transporter.
  1748 | D:5      | Entered Level 5 of the Dungeon
  1766 | D:5      | Reached skill level 6 in Axes
  2118 | D:5      | HP: 2/82 [ice beast (9)]
  2120 | D:5      | Reached skill level 5 in Fighting
  2120 | D:5      | Reached XP level 8. HP: 2/62 MP: 8/8
  2128 | D:5      | HP: 2/62 [something (1)]
  2128 | D:5      | Slain by a sky beast

Illustrated notes

Levels and vault maps discovered:
D:1:      dpeg_arrival_round_c, layout_loops_ring, serial_park_tiny_1,
          serial_park_tiny_pond
D:2:      minmay_angry_zag, layout_rooms, yredelemnul_forgotten_temple_becter
D:4:      layout_cave_pools, vehumet_altar_wand_db, marbit_many_paths,
          gammafunk_ghost_arena, serial_shops, shop_fountains, shop,
          nicolae_shop_behind_doors, uniq_blork_the_orc
D:5:      layout_basic, nemelex_xobeh_ov_fountains_minmay, temple_green,
          st_stairs_6, grunt_qazlal_clouds

Skill      XL: |  1  2  3  4  5  6  7 |
---------------+----------------------+-----
Axes           | 4 5 6 |  6.3
Armour         | 3 4 |  4.1
Fighting       | 4 5 |  5.0
Stealth        | 1 |  1.0
Dodging        | 3 |  3.1

Action                   |  1- 3 |  4- 6 |  7- 9 || total
-------------------------+-------+-------+-------++-------
Melee: Hand axe          |    89 |    40 |    70 ||   199
Invok: Berserk           |       |     1 |     3 ||     4
  Use: Potion            |     4 |       |     2 ||     6
       Scroll            |     3 |     1 |       ||     4
Armor: Animal skin       |     4 |       |       ||     4
       Ring mail         |    43 |     4 |    43 ||    90
Dodge: Dodged            |    64 |    25 |    45 ||   134

Table legend: (Time is in decaauts)
 A = Elapsed time spent in this place.
 B = Non-inter-level travel time spent in this place.
 C = Inter-level travel time spent in this place.
 D = Time resting spent in this place.
 E = Time spent auto-exploring this place.
 F = Levels seen in this place.
 G = Mean time per level.
                   A        B        C        D        E       F      G
               +--------+--------+--------+--------+--------+-----+--------+
         Total |   2169 |   2154 |     15 |    700 |    329 |   4 |  542.2 |
       Dungeon |   2169 |   2154 |     15 |    700 |    329 |   4 |  542.2 |
               +--------+--------+--------+--------+--------+-----+--------+

Top non-repeatable levels by time:
     D:1: 945 daAuts
     D:4: 665 daAuts
     D:5: 387 daAuts
     D:2: 170 daAuts
